[Event "Titled Tuesday Blitz February 28 Late 2023"]
[White "Gamage, Wanshini Vidusama"]
[Black "Gerbelli Neto, Eduardo"]
[WhiteFideId "9953752"]
[BlackFideId "2103281"]
[WhiteElo "2195"]
[BlackElo "2178"]
[Result "0-1"]
[Round "09"]
[TimeControl "180+2"]
[Date "2023.02.28"]
[WhiteClock "0:00:14"]
[BlackClock "0:00:10"]

1. e4 e5 2. Nf3 Nc6 3. Bb5 a6 4. Ba4 d6 5. O-O f5 6. d3 fxe4 7. dxe4 Nf6 8. Re1 Bg4 9. c3 Be7 10. h3 Bh5 11. Bg5 Bf7 12. Nbd2 O-O 13. Bb3 h6 14. Be3 b5 15. Bxf7+ Rxf7 16. a4 Rb8 17. axb5 axb5 18. Ra6 Qd7 19. Qb3 b4 20. c4 Nh5 21. c5 Nf4 22. cxd6 cxd6 23. Qc4 Nd8 24. Bxf4 exf4 25. e5 d5 26. Qb3 Ne6 27. Qd3 Nc5 28. e6 Nxd3 29. exd7 Nxe1 30. Nxe1 Bd8 31. Nd3 Rxd7 32. Nxf4 Rc8 33. Nf3 Rc2 34. b3 Rb2 35. Nd4 Bf6 36. Nfe6 Re7 37. Ra8+ Kf7 38. Ra6 Bxd4 39. Nxd4 Re1+ 40. Kh2 Rd1 41. Nf5 Rxb3 42. Rd6 Rbd3 43. Rd7+ Ke6 0-1


[Site "https://www.chess.com"]

[Event "Titled Tuesday Blitz February 28 Late 2023"]
[White "Osmonbekov, Talaibek"]
[Black "Quirke, Jeffrey"]
[WhiteFideId "2017253"]
[BlackFideId "2013029"]
[WhiteElo "2135"]
[BlackElo "2200"]
[Result "0-1"]
[Round "09"]
[TimeControl "180+2"]
[Date "2023.02.28"]
[WhiteClock "0:00:02"]
[BlackClock "0:00:05"]

1. d4 g6 2. Bf4 Bg7 3. c3 d6 4. Nd2 Nh6 5. Ngf3 Nd7 6. Bg5 O-O 7. e4 Qe8 8. Bc4 Kh8 9. h4 f6 10. Be3 Ng4 11. h5 Nxe3 12. fxe3 Bh6 13. Qe2 g5 14. Be6 Nb6 15. Bxc8 Rxc8 16. Nh2 f5 17. exf5 Rxf5 18. Ng4 Qf8 19. e4 Rf4 20. g3 Rf7 21. O-O-O Qg7 22. Ne3 e6 23. Ng4 Rcf8 24. Rdf1 Nd7 25. Kb1 Nf6 26. Nxh6 Qxh6 27. g4 Nd7 28. Nc4 Rf4 29. Rxf4 Rxf4 30. Na5 Qf6 31. h6 Rf2 0-1


[Site "https://www.chess.com"]

[Event "Titled Tuesday Blitz February 28 Late 2023"]
[White "Prieto Aranguren, Alain"]
[Black "Cueto, Jonny"]
[WhiteFideId "2268906"]
[BlackFideId "3300145"]
[WhiteElo "2209"]
[BlackElo "2212"]
[Result "1-0"]
[Round "09"]
[TimeControl "180+2"]
[Date "2023.02.28"]
[WhiteClock "0:00:48"]
[BlackClock "0:00:03"]

1. e4 e6 2. d4 d5 3. exd5 exd5 4. Bd3 Bd6 5. Nf3 Ne7 6. O-O Nbc6 7. c3 Bg4 8. Nbd2 Qd7 9. Re1 O-O-O 10. b4 g5 11. a4 h5 12. a5 Bf5 13. Bf1 h4 14. b5 Nb8 15. Nxg5 Rdg8 16. Nxf7 Rh7 17. Ne5 Bxe5 18. dxe5 Rhg7 19. b6 cxb6 20. axb6 a6 21. Nf3 Bh3 22. Nxh4 Rg4 23. e6 Qd6 24. Ba3 Qd8 25. Bxe7 Qxe7 26. Nf5 Qg5 27. Qxd5 Nc6 28. Nd6+ Kb8 29. Qxg5 R8xg5 30. g3 Bxf1 31. Kxf1 Rh5 32. e7 Nxe7 33. Rxe7 Rg8 34. Rxb7+ Ka8 35. Rxa6# 1-0


[Site "https://www.chess.com"]

[Event "Titled Tuesday Blitz February 28 Late 2023"]
[White "Einarsson, Halldor Gretar"]
[Black "Khatena, Moshe"]
[WhiteFideId "2300150"]
[BlackFideId "2010461"]
[WhiteElo "2126"]
[BlackElo "2144"]
[Result "0-1"]
[Round "09"]
[TimeControl "180+2"]
[Date "2023.02.28"]
[WhiteClock "0:00:04"]
[BlackClock "0:00:17"]

1. d4 b5 2. Nf3 Bb7 3. g3 g6 4. Bg2 Bg7 5. O-O Nf6 6. a4 b4 7. c4 c5 8. dxc5 Na6 9. Be3 Rc8 10. c6 Bxc6 11. Bxa7 Qa5 12. Nbd2 Nc5 13. Bxc5 Qxc5 14. Rc1 O-O 15. b3 d5 16. Ne5 Bb7 17. cxd5 Qxc1 18. Qxc1 Rxc1 19. Rxc1 Nxd5 20. Nd7 Rd8 21. Nc5 Nc3 22. Nxb7 Rxd2 23. Bf3 e5 24. Nc5 f5 25. e3 e4 26. Nxe4 fxe4 27. Bg4 h5 28. Be6+ Kh7 29. Bc4 h4 30. Kg2 hxg3 31. hxg3 Bf6 32. a5 Ra2 33. a6 Kg7 34. Rh1 Be5 35. Rh4 Bf6 36. Rg4 g5 37. Kh3 Nd1 38. Kg2 Nxf2 0-1


[Site "https://www.chess.com"]

[Event "Titled Tuesday Blitz February 28 Late 2023"]
[White "Marcolino, Daniel Mattos"]
[Black "De Souza, Cristiano Gomes"]
[WhiteFideId "2106841"]
[BlackFideId "2151758"]
[WhiteElo "2115"]
[BlackElo "2068"]
[Result "0-1"]
[Round "09"]
[TimeControl "180+2"]
[Date "2023.02.28"]
[WhiteClock "0:00:07"]
[BlackClock "0:00:10"]

1. d4 Nf6 2. Nf3 g6 3. g3 Bg7 4. Bg2 d6 5. O-O O-O 6. b3 Nc6 7. Bb2 Bf5 8. Nbd2 Ne4 9. c4 Nxd2 10. Nxd2 Nxd4 11. Bxb7 Rb8 12. Bg2 c5 13. e3 Nc2 14. Bxg7 Kxg7 15. Rc1 Nb4 16. e4 Be6 17. f4 Nxa2 18. Ra1 Nb4 19. Rxa7 Ra8 20. Rxa8 Qxa8 21. f5 Bd7 22. e5 Bc6 23. f6+ exf6 24. exf6+ Kh8 25. Nf3 Qd8 26. Ne5 dxe5 27. Qc1 Qd4+ 28. Kh1 Bxg2+ 29. Kxg2 Rd8 30. Qh6 Qd2+ 31. Qxd2 Rxd2+ 32. Kf3 h6 33. Ke3 Rxh2 34. Ke4 Re2+ 35. Kf3 Rb2 36. Ra1 Rxb3+ 37. Ke4 Kh7 38. Ra7 g5 39. Rxf7+ Kg6 40. Rf8 Rxg3 41. Kxe5 Re3+ 42. Kd6 Nd3 43. Kd5 Rf3 44. Ke6 Nf4+ 45. Kd6 Nh5 46. Kxc5 Rxf6 47. Rg8+ Ng7 48. Kb5 g4 49. c5 g3 50. c6 g2 51. c7 g1=Q 52. c8=Q Qb1+ 53. Ka5 Qb6+ 54. Ka4 Qa6+ 55. Kb4 Qxc8 56. Rxc8 h5 57. Kc3 Kg5 58. Rh8 Rh6 59. Rg8 Kg6 60. Rf8 h4 61. Rf2 h3 62. Rh2 Kg5 63. Kd3 Kg4 64. Ke3 Kg3 65. Rh1 h2 66. Ra1 h1=Q 67. Rxh1 Rxh1 0-1


[Site "https://www.chess.com"]

[Event "Titled Tuesday Blitz February 28 Late 2023"]
[White "Manu_ChessExcelsior"]
[Black "Wang, Alexander J"]
[BlackFideId "30955270"]
[WhiteElo "1985"]
[BlackElo "2224"]
[Result "1/2-1/2"]
[Round "09"]
[TimeControl "180+2"]
[Date "2023.02.28"]
[WhiteClock "0:00:05"]
[BlackClock "0:00:06"]

1. e4 c5 2. Nf3 d6 3. Bb5+ Bd7 4. Bxd7+ Qxd7 5. O-O Nc6 6. c3 Nf6 7. Re1 g6 8. d4 Bg7 9. d5 Nb8 10. c4 O-O 11. Nc3 Qd8 12. e5 dxe5 13. Nxe5 Nbd7 14. Nd3 b6 15. h3 Ne8 16. Bf4 Nd6 17. Ne4 Nxc4 18. Qe2 Nce5 19. Nxe5 Nxe5 20. Rad1 Nd7 21. Ng5 Nf6 22. Qxe7 Qxe7 23. Rxe7 h6 24. Nf3 Rfd8 25. d6 Bf8 26. Re2 Nd7 27. Ne5 Nxe5 28. Bxe5 Rd7 29. Kf1 Re8 30. Bf6 Rxe2 31. Kxe2 Rxd6 32. Rxd6 Bxd6 33. b3 Kf8 34. Kd3 Ke8 35. Ke4 Kd7 36. Kd5 h5 37. a4 Bf4 38. Bc3 Bc1 39. Be5 a6 40. f4 Bd2 41. g4 hxg4 42. hxg4 Be1 43. f5 gxf5 44. gxf5 Bd2 45. Bf6 Ba5 46. Be5 Bb4 47. Bf6 b5 48. Be5 Ba3 49. axb5 axb5 50. Bg7 c4 51. bxc4 b4 52. Bf8 Ke8 53. Bc5 Kd7 54. Bf8 Kc7 55. Bd6+ Kd7 56. Bf8 1/2-1/2


[Site "https://www.chess.com"]

[Event "Titled Tuesday Blitz February 28 Late 2023"]
[White "Sanchez, Robert"]
[Black "Vanek, Tomas"]
[WhiteFideId "2034360"]
[BlackFideId "313459"]
[WhiteElo "2398"]
[BlackElo "2052"]
[Result "0-1"]
[Round "09"]
[TimeControl "180+2"]
[Date "2023.02.28"]
[WhiteClock "0:00:38"]
[BlackClock "0:00:11"]

1. e4 c5 2. Nf3 Nc6 3. d4 cxd4 4. Nxd4 Nf6 5. Nc3 e5 6. Ndb5 d6 7. Bg5 a6 8. Bxf6 gxf6 9. Na3 b5 10. Nd5 Bg7 11. Bd3 Ne7 12. c4 Nxd5 13. cxd5 f5 14. exf5 Qg5 15. O-O Bxf5 16. Bxf5 Qxf5 17. Nc2 O-O 18. Ne3 Qf4 19. a4 e4 20. axb5 axb5 21. Rxa8 Rxa8 22. Qb3 Bd4 23. Nc2 Bc5 24. Qxb5 Qd2 25. Qb3 Ra6 26. Qg3+ Kf8 27. Ne3 Qxb2 28. Qh4 Ra1 29. Rxa1 Qxa1+ 30. Nf1 e3 31. Qh6+ Ke7 32. fxe3 Qe5 33. h3 Qxd5 34. Ng3 Qe5 35. Nf1 Qe4 36. Qg5+ Kf8 37. Qd8+ Kg7 38. Qg5+ Qg6 39. Qd5 Qe6 40. Qd3 Qg6 41. Qd5 Qe6 42. Qf3 d5 43. Kf2 d4 44. exd4 Bxd4+ 45. Kg3 Qe5+ 46. Qf4 Bf2+ 47. Kf3 Qxf4+ 48. Kxf4 Bd4 49. g4 Ba1 50. Ng3 f6 51. Kf5 Be5 52. Nh5+ Kf7 53. Nf4 Bxf4 54. Kxf4 Kg6 55. h4 h5 56. g5 fxg5+ 57. hxg5 h4 58. Kg4 h3 0-1


[Site "https://www.chess.com"]

[Event "Titled Tuesday Blitz February 28 Late 2023"]
[White "Kujawski, Adam"]
[Black "Ricaurte Lopez, Juan Carlos"]
[WhiteFideId "1100920"]
[BlackFideId "3600327"]
[WhiteElo "2054"]
[BlackElo "2209"]
[Result "0-1"]
[Round "09"]
[TimeControl "180+2"]
[Date "2023.02.28"]
[WhiteClock "0:00:01"]
[BlackClock "0:01:41"]

1. e4 e5 2. Nf3 d5 3. Nxe5 Bd6 4. d4 dxe4 5. Nc4 Nf6 6. Be2 Nc6 7. O-O Nxd4 8. Bg5 O-O 9. Nc3 Bf5 10. Nd5 Bxh2+ 11. Kxh2 Qxd5 12. Bxf6 gxf6 13. c3 b5 14. Qxd4 Qxd4 15. cxd4 bxc4 16. Bxc4 Rfd8 17. d5 Rd6 18. Kg3 c6 19. dxc6 Be6 20. Bb5 Rb8 21. a4 a6 22. Bxa6 Rxc6 23. Bb5 Rc2 24. b4 f5 25. Rac1 Rb2 26. Rb1 Ra2 27. Kf4 Kg7 28. g4 fxg4 29. Kxe4 Kf6 30. Kd4 Rc8 31. Rfd1 Rxf2 32. a5 Rf4+ 33. Ke3 Rf3+ 34. Ke4 Bf5+ 35. Kd5 Bxb1 36. Rxb1 Rf5+ 0-1


[Site "https://www.chess.com"]

[Event "Titled Tuesday Blitz February 28 Late 2023"]
[White "Levine, David"]
[Black "Skaric, Djuro"]
[WhiteFideId "2011611"]
[BlackFideId "934569"]
[WhiteElo "2122"]
[BlackElo "2282"]
[Result "1-0"]
[Round "09"]
[TimeControl "180+2"]
[Date "2023.02.28"]
[WhiteClock "0:00:01"]
[BlackClock "0:00:17"]

1. d4 Nf6 2. c4 g6 3. g3 Bg7 4. Bg2 O-O 5. Nf3 d6 6. O-O Nc6 7. Nc3 e5 8. dxe5 dxe5 9. Bg5 Qxd1 10. Rfxd1 Be6 11. b3 Nd7 12. Rac1 f5 13. Bd2 Rf7 14. Nb5 Nc5 15. Ng5 Re7 16. Nxe6 Nxe6 17. Bd5 Rc8 18. Bc3 Kf8 19. Bxc6 bxc6 20. Nxa7 Ra8 21. Nxc6 Ree8 22. Bb4+ Kg8 23. Rd7 Rxa2 24. e3 f4 25. Rcd1 f3 26. h3 e4 27. Ne7+ Kh8 28. Nd5 Be5 29. Bc3 Bxc3 30. Nxc3 Ra6 31. g4 Nc5 32. Rxc7 Nxb3 33. Rdd7 Rf6 34. Rxh7+ Kg8 35. Rcg7+ Kf8 36. Nd5 Ra6 37. Rb7 Kg8 38. Rhf7 Ree6 39. Rfc7 Re8 40. Rg7+ Kh8 41. Rgf7 Nd2 42. Nf6 Ra1+ 43. Kh2 Nf1+ 44. Kg1 Nxe3+ 45. Kh2 Nf1+ 46. Kg1 Ng3+ 47. Kh2 Nf1+ 48. Kg1 e3 49. Rh7# 1-0


[Site "https://www.chess.com"]

[Event "Titled Tuesday Blitz February 28 Late 2023"]
[White "Sabar, Ethmane Daouda"]
[Black "Govender, Kaedan"]
[WhiteFideId "19600097"]
[BlackFideId "14322072"]
[WhiteElo "1950"]
[BlackElo "1966"]
[Result "1-0"]
[Round "09"]
[TimeControl "180+2"]
[Date "2023.02.28"]
[WhiteClock "0:00:14"]
[BlackClock "0:00:14"]

1. e4 c5 2. Nf3 a6 3. d4 cxd4 4. Nxd4 Nf6 5. Nc3 e5 6. Nb3 Bb4 7. Bd3 d5 8. exd5 Nxd5 9. Bd2 O-O 10. O-O Be6 11. Nxd5 Bxd2 12. Qxd2 Bxd5 13. Rad1 Nc6 14. Bxh7+ Kxh7 15. Qxd5 Qg5 16. Qd2 Qg6 17. Qe3 f5 18. Nc5 b5 19. Rd7 Rh8 20. Rfd1 Qh5 21. Ne6 Rag8 22. Ng5+ Kh6 23. R1d6+ g6 24. Nf7+ Kg7 25. Nxe5+ Kf8 26. Rf7+ Ke8 27. Re6+ Kd8 28. Nxc6+ Kc8 29. Na7+ Kd8 30. Qd4# 1-0


[Site "https://www.chess.com"]

[Event "Titled Tuesday Blitz February 28 Late 2023"]
[White "rikchessmx"]
[Black "Pissama Ntsaou, Martial"]
[BlackFideId "17400864"]
[WhiteElo "2157"]
[BlackElo "2072"]
[Result "1-0"]
[Round "09"]
[TimeControl "180+2"]
[Date "2023.02.28"]
[WhiteClock "0:00:25"]
[BlackClock "0:00:04"]

1. e4 c6 2. d4 d5 3. Nc3 dxe4 4. Nxe4 Bf5 5. Ng3 Bg6 6. h4 h6 7. Nf3 Nd7 8. h5 Bh7 9. Bd3 Bxd3 10. Qxd3 e6 11. Bf4 Qa5+ 12. c3 Ngf6 13. Ne4 Nxe4 14. Qxe4 Nf6 15. Qe2 Be7 16. Ne5 c5 17. dxc5 Qxc5 18. O-O-O b5 19. Kb1 O-O 20. g4 Nd5 21. Bd2 Rad8 22. f4 b4 23. c4 Nf6 24. g5 Nd7 25. gxh6 gxh6 26. Rhg1+ Kh8 27. Qg2 Bf6 28. Ng4 Rg8 29. Qe4 Qd4 30. Nxf6 Qxf6 31. Bxb4 Qf5 32. Bc3+ Kh7 33. Rxg8 Kxg8 34. Qxf5 exf5 35. Rd6 Kh7 36. Ba5 Rc8 37. Rxd7 Rxc4 38. Rxf7+ Kg8 39. Rxf5 Re4 40. Bc3 Re2 41. Be5 Rh2 42. a4 1-0


[Site "https://www.chess.com"]

[Event "Titled Tuesday Blitz February 28 Late 2023"]
[White "Vargas Pereda, Jesus Manue"]
[Black "Souza, Gustavo Horokoski De"]
[WhiteFideId "5115710"]
[BlackFideId "2146584"]
[WhiteElo "1914"]
[BlackElo "1859"]
[Result "1-0"]
[Round "09"]
[TimeControl "180+2"]
[Date "2023.02.28"]
[WhiteClock "0:00:53"]
[BlackClock "0:01:27"]

1. d4 Nf6 2. Bf4 g6 3. Nc3 Bg7 4. e4 d6 5. Qd2 c6 6. O-O-O Nbd7 7. f3 b5 8. e5 b4 9. exf6 bxc3 10. Qxc3 Bxf6 11. Bh6 Qb6 12. Bc4 d5 13. Bb3 c5 14. Ne2 c4 15. Ba4 Qa6 16. Bxd7+ Bxd7 17. a3 Rb8 18. Rhe1 e6 19. Nf4 Kd8 20. h4 Bxh4 21. g3 Bxg3 22. Bg5+ Kc8 23. Nd3 Bd6 24. Nc5 Bxc5 25. dxc5 Qb5 26. Qxh8+ Kc7 27. Bf4+ Kc6 28. Qxb8 1-0


[Site "https://www.chess.com"]

[Event "Titled Tuesday Blitz February 28 Late 2023"]
[White "Dias, Joao Batista"]
[Black "Burke, Paul"]
[WhiteFideId "2108240"]
[BlackFideId "2605767"]
[WhiteElo "1907"]
[BlackElo "1893"]
[Result "0-1"]
[Round "09"]
[TimeControl "180+2"]
[Date "2023.02.28"]
[WhiteClock "0:01:25"]
[BlackClock "0:00:21"]

1. e4 e5 2. Nf3 Nc6 3. d4 exd4 4. Nxd4 Be7 5. Nxc6 dxc6 6. Be2 Qxd1+ 7. Bxd1 Nf6 8. f3 O-O 9. O-O Be6 10. b3 Bc5+ 11. Kh1 Bd4 12. c3 Bc5 13. Be2 a5 14. Nd2 b5 15. Bb2 Rfd8 16. Rad1 Be3 17. Nb1 Bc5 18. h4 Nh5 19. Kh2 Bd6+ 20. Kg1 Bc5+ 21. Kh2 Bd6+ 22. Kh1 Ng3+ 23. Kg1 Nxe2+ 24. Kf2 Nf4 25. g3 Bc5+ 26. Ke1 Nd3+ 27. Rxd3 Rxd3 28. Ke2 Rad8 29. g4 Re3+ 30. Kf2 Rxc3+ 31. Kg3 Bd6+ 32. Kh3 Rc2 33. e5 Bc5 34. Ba3 Bxa3 35. Nxa3 Rxa2 36. Nb1 Bxb3 37. g5 Be6+ 38. Kg3 Re2 39. Kf4 Rd4+ 40. Kg3 Rxe5 41. Nc3 Rc5 42. Ne4 Rxe4 43. fxe4 Rc3+ 44. Kf4 a4 45. h5 a3 46. h6 a2 47. hxg7 Rb3 48. Rd1 Rb1 49. Rd8+ Kxg7 50. Ke5 a1=Q+ 51. Kf4 Rf1+ 52. Ke3 Qc3+ 53. Ke2 Qf3+ 54. Kd2 Rd1+ 55. Kc2 Rxd8 56. Kb2 Rd2+ 57. Kc1 Qc3+ 0-1


[Site "https://www.chess.com"]

[Event "Titled Tuesday Blitz February 28 Late 2023"]
[White "Carlsen, Magnus"]
[Black "Duda, Jan-Krzysztof"]
[WhiteFideId "1503014"]
[BlackFideId "1170546"]
[WhiteElo "2852"]
[BlackElo "2790"]
[Result "1-0"]
[Round "10"]
[TimeControl "180+2"]
[Date "2023.02.28"]
[WhiteClock "0:00:08"]
[BlackClock "0:00:01"]

1. d4 Nf6 2. Nf3 g6 3. c4 Bg7 4. Nc3 d5 5. cxd5 Nxd5 6. e4 Nxc3 7. bxc3 c5 8. Be3 Qa5 9. Qd2 O-O 10. Rc1 cxd4 11. cxd4 Qxd2+ 12. Bxd2 e6 13. h4 Nc6 14. e5 Rd8 15. Bg5 Rd7 16. Bb5 h6 17. Be3 Rd5 18. Bc4 Rd8 19. O-O b6 20. Bd3 Nb4 21. Be4 Nd5 22. Rc2 Ba6 23. Rfc1 Rac8 24. Bd2 Bf8 25. Ne1 Nb4 26. Rxc8 Rxc8 27. Rxc8 Bxc8 28. a3 Nd5 29. Nc2 a5 30. Kf1 Ba6+ 31. Ke1 Bb5 32. Bc1 Kg7 33. Ne3 Nxe3 34. fxe3 Be7 35. g3 h5 36. Bc2 g5 37. hxg5 Bxg5 38. Kf2 Bc4 39. Bd2 Kh6 40. Ke1 Kg7 41. e4 Kh6 42. Bd1 Bd3 43. Bf3 a4 44. d5 Bb5 45. d6 Kg6 46. Bxg5 Kxg5 47. Kd2 h4 48. gxh4+ Kf4 49. h5 Kxe5 50. h6 Kf6 51. Bh5 e5 52. Kc3 Bc6 53. Bg4 Bxe4 54. Kc4 Bc6 55. Bf5 1-0


[Site "https://www.chess.com"]

[Event "Titled Tuesday Blitz February 28 Late 2023"]
[White "Paravyan, David"]
[Black "Firouzja, Alireza"]
[WhiteFideId "4194985"]
[BlackFideId "12573981"]
[WhiteElo "2577"]
[BlackElo "2904"]
[Result "0-1"]
[Round "10"]
[TimeControl "180+2"]
[Date "2023.02.28"]
[WhiteClock "0:00:03"]
[BlackClock "0:00:06"]

1. Nf3 Nf6 2. c4 g6 3. d4 Bg7 4. g3 O-O 5. Bg2 d6 6. O-O Ne4 7. Qc2 f5 8. Nbd2 Nxd2 9. Bxd2 e5 10. dxe5 dxe5 11. Bb4 Re8 12. Rad1 Qf6 13. Bc3 Qe7 14. h4 Nc6 15. b3 h6 16. Qb2 e4 17. Nd4 Ne5 18. f3 c6 19. Qc1 exf3 20. exf3 Bd7 21. Rfe1 Qc5 22. Kh2 Rad8 23. Re2 Bc8 24. Qb2 Rd7 25. Rde1 Rde7 26. Qc2 h5 27. Kh1 a5 28. Qd2 Nf7 29. Rxe7 Rxe7 30. Rxe7 Qxe7 31. Ne2 Bxc3 32. Nxc3 f4 33. gxf4 Qxh4+ 34. Kg1 Qd8 35. Qe3 Bf5 36. Ne4 Qd1+ 37. Kh2 Bxe4 38. fxe4 Nh6 39. Bh3 Qc2+ 40. Kg3 Qxa2 41. Be6+ Kh7 42. f5 Qb2 43. fxg6+ Kxg6 44. Kh3 Qe5 45. Bc8 b5 46. cxb5 cxb5 47. Qb6+ Kg7 48. Qa7+ Nf7 49. Bf5 Qc3+ 50. Kh4 Qf6+ 51. Kh3 Qc3+ 52. Kh4 Qxb3 53. Qd4+ Kg8 54. Bg6 Qe6 55. Bxh5 Qe7+ 56. Kh3 Qe6+ 57. Kh4 Qe7+ 58. Kh3 Ng5+ 59. Kh2 Ne6 60. Qd5 Kg7 61. Bg4 Qc7+ 62. Kg1 Qg3+ 63. Kf1 Qxg4 64. Qxb5 Qf4+ 65. Kg1 Qe3+ 66. Kh2 Qf2+ 67. Kh1 Qf3+ 68. Kh2 Qf4+ 69. Kh1 Qxe4+ 70. Kh2 Qf4+ 71. Kh1 Qh6+ 0-1


[Site "https://www.chess.com"]

[Event "Titled Tuesday Blitz February 28 Late 2023"]
[White "Rasulov, Vugar"]
[Black "Nakamura, Hikaru"]
[WhiteFideId "13402390"]
[BlackFideId "2016192"]
[WhiteElo "2509"]
[BlackElo "2879"]
[Result "0-1"]
[Round "10"]
[TimeControl "180+2"]
[Date "2023.02.28"]
[WhiteClock "0:00:02"]
[BlackClock "0:01:28"]

1. d4 g6 2. c4 Bg7 3. Nf3 d6 4. Nc3 Nc6 5. Bg5 h6 6. Bc1 Nf6 7. h3 O-O 8. e4 e5 9. d5 Ne7 10. g4 Nd7 11. Rg1 a5 12. Be3 Nc5 13. Qd2 Kh7 14. O-O-O Bd7 15. Bd3 Nc8 16. h4 Nb6 17. h5 g5 18. Be2 Nba4 19. Bxc5 Nxc5 20. Nh2 Re8 21. Nf1 Bf8 22. Ne3 Ra6 23. Nf5 Qa8 24. Bd3 Be7 25. Bc2 Bd8 26. Kb1 Rb6 27. Ne2 a4 28. f4 Bxf5 29. gxf5 exf4 30. Nxf4 Bf6 31. Ne6 Rxb2+ 32. Kc1 Nb3+ 33. axb3 axb3 34. Bb1 Qa3 35. e5 Rc2# 0-1


[Site "https://www.chess.com"]

[Event "Titled Tuesday Blitz February 28 Late 2023"]
[White "Kamsky, Gata"]
[Black "Yu, Yangyi"]
[WhiteFideId "2000024"]
[BlackFideId "8603820"]
[WhiteElo "2666"]
[BlackElo "2783"]
[Result "1-0"]
[Round "10"]
[TimeControl "180+2"]
[Date "2023.02.28"]
[WhiteClock "0:00:25"]
[BlackClock "0:00:01"]

1. d4 d5 2. Bf4 c5 3. e3 Nc6 4. c3 Nf6 5. Nd2 Bg4 6. Qb3 Qc8 7. dxc5 e6 8. Qa3 e5 9. Bg3 Nd7 10. b4 Be7 11. Ngf3 O-O 12. Qb2 e4 13. Nd4 Nde5 14. b5 Nxd4 15. cxd4 Ng6 16. h3 Be6 17. Be2 f5 18. f4 exf3 19. Nxf3 f4 20. exf4 Nxf4 21. O-O Bxh3 22. Ne5 Nxg2 23. Rxf8+ Bxf8 24. Bf3 Ne3 25. Re1 Nc4 26. Bxd5+ Be6 27. Bxc4 Bxc4 28. Nxc4 Qg4 29. Qf2 Bxc5 30. dxc5 Qxc4 31. Rf1 h6 32. Be5 Re8 33. Qd4 Qe6 34. Bg3 Qxa2 35. c6 bxc6 36. bxc6 Re2 37. Rf2 Qb1+ 38. Kg2 Rxf2+ 39. Qxf2 Qe4+ 40. Qf3 Qc2+ 41. Kh3 a5 42. c7 Kh7 43. Qd5 a4 44. Bd6 1-0


[Site "https://www.chess.com"]

[Event "Titled Tuesday Blitz February 28 Late 2023"]
[White "Pranav, V"]
[Black "Yoo, Christopher Woojin"]
[WhiteFideId "25060783"]
[BlackFideId "30909694"]
[WhiteElo "2500"]
[BlackElo "2519"]
[Result "1-0"]
[Round "10"]
[TimeControl "180+2"]
[Date "2023.02.28"]
[WhiteClock "0:00:11"]
[BlackClock "0:00:02"]

1. e4 c5 2. Nf3 e6 3. d4 cxd4 4. Nxd4 Nc6 5. Nc3 Qc7 6. Be2 Nf6 7. O-O Be7 8. Be3 O-O 9. f4 d6 10. Kh1 a6 11. a4 Nxd4 12. Qxd4 e5 13. Qd3 exf4 14. Bxf4 Be6 15. Rad1 Rfd8 16. Qg3 Ne8 17. Bd3 Bf6 18. Nd5 Bxd5 19. exd5 g6 20. c3 Be5 21. Qh4 Bxf4 22. Rxf4 Ng7 23. Qh6 f5 24. Rh4 Ne8 25. g4 Qg7 26. gxf5 Qxh6 27. Rxh6 Kg7 28. Rh4 g5 29. Rb4 Rd7 30. Rg1 h6 31. h4 Kf6 32. Rb6 Re7 33. c4 Re3 34. Bf1 Ke5 35. Rxb7 Kf4 36. Rf7 Rb8 37. Bg2 Rxb2 38. f6 g4 39. Rf8 Kg3 40. f7 Nf6 41. Rg8 Ne4 42. Bxe4+ Kxh4 43. Bg2 Rh3+ 44. Bxh3 Kxh3 45. Re1 Rh2+ 46. Kg1 g3 47. Rxg3+ Kxg3 48. Re3+ 1-0


[Site "https://www.chess.com"]

[Event "Titled Tuesday Blitz February 28 Late 2023"]
[White "Swiercz, Dariusz"]
[Black "Indjic, Aleksandar"]
[WhiteFideId "1126881"]
[BlackFideId "911925"]
[WhiteElo "2627"]
[BlackElo "2625"]
[Result "0-1"]
[Round "10"]
[TimeControl "180+2"]
[Date "2023.02.28"]
[WhiteClock "0:00:06"]
[BlackClock "0:00:10"]

1. d4 Nf6 2. Bg5 d5 3. e3 g6 4. Bxf6 exf6 5. c4 dxc4 6. Bxc4 Bd6 7. Nc3 f5 8. Nf3 Nd7 9. O-O Nf6 10. Nb5 O-O 11. Nxd6 Qxd6 12. Rc1 c6 13. Qb3 Kg7 14. Ne5 Qe7 15. Qa3 Qxa3 16. bxa3 Ne4 17. Rc2 Nd6 18. Rfc1 f6 19. Nd3 Re8 20. Rb2 Re7 21. Bb3 Bd7 22. a4 g5 23. g3 Be8 24. a5 Ne4 25. Nc5 Nd6 26. Bc2 Rc8 27. Bb3 Bf7 28. Rcb1 Rcc7 29. Kg2 h6 30. Bxf7 Kxf7 31. Rb4 Kg6 32. Kf3 Kf7 33. h3 Kg6 34. a3 Kf7 35. g4 Kg6 36. gxf5+ Kxf5 37. Re1 Ne4 38. Nxe4 Rxe4 39. Rc1 Ree7 40. Rbc4 Rcd7 41. a6 bxa6 42. Rxc6 h5 43. R1c5+ Kg6 44. Rxa6 Rc7 45. Rcc6 Rxc6 46. Rxc6 Rd7 47. Ra6 Kf5 48. Ra5+ Kg6 49. Kg3 Re7 50. h4 Re4 51. hxg5 fxg5 52. Ra6+ Kf5 53. Ra5+ Kf6 54. Rxa7 Rg4+ 55. Kh2 Rh4+ 56. Kg2 Rg4+ 57. Kf3 Rg1 58. Ra6+ Kg7 59. d5 h4 60. d6 h3 61. Ra7+ Kg6 62. Ra8 g4+ 63. Kf4 h2 64. d7 h1=Q 65. Rg8+ Kf7 66. d8=Q Qh6+ 67. Rg5 Qh2+ 68. Kf5 Qh7+ 69. Ke5 Qh2+ 70. Ke4 Qg2+ 71. Ke5 Qh2+ 72. Kf5 Qxf2+ 73. Ke4 Qf3+ 74. Ke5 Qxe3+ 75. Kf5 Qf3+ 76. Ke5 Re1+ 77. Kd4 Rd1+ 0-1


[Site "https://www.chess.com"]

[Event "Titled Tuesday Blitz February 28 Late 2023"]
[White "Svane, Frederik"]
[Black "Perez Ponsa, Federico"]
[WhiteFideId "12923044"]
[BlackFideId "117927"]
[WhiteElo "2502"]
[BlackElo "2592"]
[Result "0-1"]
[Round "10"]
[TimeControl "180+2"]
[Date "2023.02.28"]
[WhiteClock "0:00:12"]
[BlackClock "0:00:19"]

1. c4 Nf6 2. Nc3 g6 3. g3 Bg7 4. Bg2 O-O 5. d3 d6 6. Rb1 Nc6 7. Nf3 a5 8. O-O e5 9. Bd2 h6 10. a3 Be6 11. b4 axb4 12. axb4 Qd7 13. b5 Ne7 14. e4 Bh3 15. Nd5 Nexd5 16. cxd5 Bxg2 17. Kxg2 c6 18. dxc6 bxc6 19. Qc1 cxb5 20. Bxh6 d5 21. Nxe5 Qe6 22. d4 Rfc8 23. Qe3 Nxe4 24. Bxg7 Kxg7 25. Rxb5 Ra2 26. Rb7 Nd6 27. Rd7 Nc4 28. Nxc4 Qxd7 29. Nb6 Qe8 30. Qf3 Rd8 31. Nxd5 Qc6 32. Nb4 Qxf3+ 33. Kxf3 Rb2 34. Nd3 Rb3 35. Ke3 Re8+ 36. Kd2 Ra8 37. Rc1 Raa3 38. Ne5 Rb2+ 39. Rc2 Rxc2+ 40. Kxc2 Ra2+ 41. Kd3 Rxf2 42. h4 Rg2 43. g4 f6 44. Nc6 Rxg4 45. d5 Kf7 46. Nd4 Rxh4 47. Kc4 Ke7 48. Kc5 Rxd4 49. Kxd4 Kd6 50. Ke4 f5+ 51. Kd4 g5 52. Kc4 g4 53. Kd4 f4 54. Ke4 f3 55. Ke3 Kxd5 56. Kf2 Ke4 0-1


[Site "https://www.chess.com"]

[Event "Titled Tuesday Blitz February 28 Late 2023"]
[White "Livaic, Leon"]
[Black "Gokerkan, Cem Kaan"]
[WhiteFideId "14531534"]
[BlackFideId "6336760"]
[WhiteElo "2509"]
[BlackElo "2365"]
[Result "1-0"]
[Round "10"]
[TimeControl "180+2"]
[Date "2023.02.28"]
[WhiteClock "0:00:15"]
[BlackClock "0:00:04"]

1. d4 Nf6 2. c4 e6 3. Nf3 d5 4. Nc3 Be7 5. g3 O-O 6. Bg2 dxc4 7. Ne5 c5 8. dxc5 Qxd1+ 9. Nxd1 Bxc5 10. Nxc4 Nc6 11. Be3 Bb4+ 12. Nc3 Nd5 13. Bd2 Nxc3 14. bxc3 Bc5 15. Rb1 Rd8 16. O-O Na5 17. Bg5 Nxc4 18. Bxd8 Nd2 19. Rfd1 Nxb1 20. Rxb1 Bd7 21. Bc7 Bc6 22. Bxc6 bxc6 23. Rb7 Kf8 24. a4 Ke8 25. e3 a6 26. Be5 f6 27. Bd4 Be7 28. Rc7 e5 29. Bb6 c5 30. a5 Rb8 31. Ra7 Rc8 32. Rxa6 Kd7 33. Ra7+ Ke6 34. Rb7 Ra8 35. c4 h5 36. e4 g5 37. Kg2 g4 38. h3 Bd8 39. hxg4 hxg4 40. Bxd8 Rxd8 41. a6 Rd2 42. a7 Ra2 43. Kf1 f5 44. exf5+ Kxf5 45. Ke1 Ke4 46. Rd7 Kf3 47. Kd1 Ra1+ 48. Kc2 Kxf2 49. Kb2 Ra6 50. Rd2+ Kxg3 51. Rd3+ Kf4 52. Ra3 Rxa7 53. Rxa7 g3 54. Kc3 g2 55. Rg7 Kf3 56. Kd2 e4 57. Rf7+ Kg3 58. Ke2 g1=Q 59. Rg7+ Kh2 60. Rxg1 Kxg1 61. Ke3 Kf1 62. Kxe4 Ke2 63. Kd5 Kd3 64. Kxc5 1-0


[Site "https://www.chess.com"]